 Dungeon Crawl Stone Soup version 0.27-a0-531-gb72ec1a1b6 (webtiles) character file.

Game seed: 666285905685471715

1193 jestyr24 the Skirmisher (level 8, -6/74 HPs)
             Began as a Minotaur Abyssal Knight on Mar 5, 2021.
             Was a Priest of Lugonu.
             Mangled by an orc warrior
             ... wielding a +0 mace
              (16 damage)
             ... on level 6 of the Dungeon.
             The game lasted 00:17:22 (5814 turns).

jestyr24 the Skirmisher (Minotaur Abyssal Knight)   Turns: 5814, Time: 00:17:23

Health: -6/74      AC:  6    Str: 19    XL:     8   Next: 20%
Magic:  8/8        EV: 11    Int:  9    God:    Lugonu [***...]
Gold:   189        SH:  5    Dex: 10    Spells: 7/7 levels left

rFire    . . .     SeeInvis +   a - +1 falchion
rCold    . . .     Faith    .   (no shield)
rNeg     . . .     Spirit   .   d - +0 ring mail
rPois    +         Reflect  +   (helmet restricted)
rElec    .         Harm     .   (no cloak)
rCorr    .         Rampage  .   (no gloves)
Will     .....                  (no boots)
Stlth    ..........             n - amulet of reflection
HPRegen  0.22/turn              c - ring of see invisible
MPRegen  0.11/turn              i - ring of poison resistance

@: no status effects
A: horns 2, retaliatory headbutt
a: Renounce Religion, Depart the Abyss, Bend Space, Banish


You were on level 6 of the Dungeon.
You worshipped Lugonu.
Lugonu was most pleased with you.
You visited 1 branch of the dungeon, and saw 6 of its levels.
You visited the Abyss 1 time.

You collected 189 gold pieces.

Inventory:

Hand Weapons
 a - a +1 falchion (weapon)
Missiles
 q - 98 stones
 u - 2 boomerangs (quivered)
Armour
 b - a +0 leather armour
 d - a +0 ring mail (worn)
Jewellery
 c - a ring of see invisible (left hand)
 g - a ring of protection from fire
 h - a ring of magical power
 i - a ring of poison resistance (right hand)
 n - an amulet of reflection (around neck)
Wands
 r - a wand of random effects (16)
Scrolls
 e - 5 scrolls of teleportation
 f - 3 scrolls of identify
 o - a scroll of enchant weapon {unknown}
Potions
 j - a potion of might
 k - 3 potions of heal wounds
 l - a potion of curing
 s - a potion of brilliance
 v - a potion of mutation {unknown}
 w - a potion of degeneration {unknown}
 x - 2 potions of ambrosia {unknown}


   Skills:
 * Level 7.7 Fighting
 + Level 6.9 Long Blades
 + Level 5.5 Armour
 + Level 2.9 Dodging
 + Level 2.5 Shields
 + Level 2.4 Invocations


You had 7 spell levels left.
You didn't know any spells.
Your spell library was empty.

Dungeon Overview and Level Annotations

Branches:
Dungeon (6/15)             Temple (0/1) D:5

Altars:
Fedhas
Kikubaaqudgha
Okawaru
Uskayaw


Innate Abilities, Weirdness & Mutations

You have a pair of horns on your head.
You reflexively headbutt those who attack you in melee.


Message History

You miss the adder. The adder barely misses you.
You riposte.
You miss the adder. The adder barely misses you.
You hit the adder but do no damage.
The orc warrior hits you with a +0 mace!
You block the adder's attack.
You slash the adder! Your headbutt misses the adder.
The adder is severely wounded.
The orc hits you with a +0 club. The adder bites you.
The orc warrior closely misses you.
You riposte.
You closely miss the orc warrior.
The orc warrior is moderately wounded.
You barely miss the adder. Your headbutt misses the adder.
The adder is severely wounded.
The adder closely misses you. You furiously retaliate!
You headbutt the adder!
You kill the adder!
Lugonu accepts your kill. You block the orc's attack.
The orc warrior hits you with a +0 mace!
You slash the orc warrior! Your headbutt misses the orc warrior.
The orc warrior is heavily wounded.
The orc barely misses you.
You hit the orc warrior.
The orc warrior is severely wounded.
The orc warrior hits you with a +0 mace!
A worker ant comes into view.
You block the orc's attack.
Your ring mail prevents you from hitting the orc warrior.
The orc warrior is severely wounded.
The orc warrior hits you with a +0 mace!
* * * LOW HITPOINT WARNING * * *
You hit the orc warrior. Your headbutt misses the orc warrior.
The orc warrior is almost dead.
The orc hits you but does no damage.
The orc warrior hits you with a +0 mace.
* * * LOW HITPOINT WARNING * * *
You barely miss the orc warrior.
The orc warrior is almost dead.
The orc completely misses you.
The orc warrior hits you with a +0 mace!
You die...

#)..........
#)#.........
#.##########
#.# #.# #.# .##
##.#
.....#######..#
....B.o@.....##
.......o..####
..........#
###########


You could see an orc warrior, a worker ant and an orc.

Vanquished Creatures
  Grinder (D:3)
  Duvessa (D:4)
  A sky beast (D:5)
  A black bear (D:2)
  A centaur (D:5)
  A bullfrog (D:6)
  A scorpion (D:4)
  Dowan (D:4)
  A jelly (D:5)
  A hound (D:5)
  An orc priest (D:4)
  Ijyb (D:3)
  3 orc wizards (D:3)
  A hound skeleton (D:4)
  Robin (D:3)
  7 gnolls
  7 adders
  A white imp (D:5)
  An ooze (D:3)
  3 worms
  4 dart slugs
  2 leopard geckos
  16 orcs
  A ball python (D:3)
  4 giant cockroaches
  14 goblins
  9 hobgoblins
  7 jackals
  2 quokkas
  9 bats
  7 frilled lizards
  A giant cockroach zombie (D:6)
  6 kobolds
  5 rats
123 creatures vanquished.

Notes
Turn   | Place    | Note
-------+----------+-------------------------------------------
     0 | Abyss:1  | jestyr24 the Minotaur Abyssal Knight began the quest for
                  | the Orb.
     0 | Abyss:1  | Reached XP level 1. HP: 19/19 MP: 1/1
    46 | Abyss:1  | Found a corrupted altar of Lugonu.
   241 | Abyss:1  | Noticed an eye of draining
   340 | Abyss:1  | Noticed a crimson imp
   352 | Abyss:1  | Noticed a flying skull
   359 | D:1      | Escaped the Abyss
   454 | D:1      | Reached * piety under Lugonu
   485 | D:1      | Reached skill level 4 in Fighting
   485 | D:1      | Reached XP level 2. HP: 8/27 MP: 2/2
  1381 | D:2      | Noticed a black bear
  1390 | D:2      | Killed a black bear
  1391 | D:2      | Reached skill level 5 in Fighting
  1391 | D:2      | Reached XP level 3. HP: 8/36 MP: 3/3
  1391 | D:2      | Reached XP level 4. HP: 9/42 MP: 4/4
  1961 | D:2      | Found an ancient bone altar of Kikubaaqudgha.
  1963 | D:2      | Reached XP level 5. HP: 47/48 MP: 5/5
  2113 | D:3      | Reached ** piety under Lugonu
  2511 | D:3      | Noticed Grinder
  2527 | D:3      | Paralysed by Grinder for 2 turns
  2530 | D:3      | Killed Grinder
  2531 | D:3      | Reached skill level 6 in Fighting
  2531 | D:3      | Reached skill level 5 in Long Blades
  2531 | D:3      | Reached XP level 6. HP: 26/57 MP: 6/6
  2878 | D:3      | Noticed Robin
  2901 | D:3      | Killed Robin
  2902 | D:3      | Reached skill level 1 in Shields
  3222 | D:3      | Found a faded altar of an unknown god.
  3344 | D:3      | Noticed Ijyb
  3353 | D:3      | Killed Ijyb
  3354 | D:3      | Reached XP level 7. HP: 64/64 MP: 7/7
  3433 | D:3      | Found an iron altar of Okawaru.
  3491 | D:3      | Reached *** piety under Lugonu
  3779 | D:4      | Found a blossoming altar of Fedhas.
  4176 | D:4      | Noticed Duvessa
  4176 | D:4      | Noticed Dowan
  4182 | D:4      | Killed Dowan
  4183 | D:4      | Reached skill level 7 in Fighting
  4209 | D:4      | Killed Duvessa
  4526 | D:4      | Found a hide-covered altar of Uskayaw.
  4966 | D:5      | Entered Level 5 of the Dungeon
  4981 | D:5      | Reached skill level 5 in Armour
  5347 | D:5      | Reached XP level 8. HP: 73/73 MP: 8/8
  5544 | D:5      | Found a staircase to the Ecumenical Temple.
  5814 | D:6      | Mangled by an orc warrior

Illustrated notes

Levels and vault maps discovered:
D:1:      psy_arrival_statuary, layout_loops_ring
D:2:      minmay_angry_zag, layout_rooms, lemuel_crystal_altar
D:3:      layout_basic, kennysheep_okawaru_gauntlet,
          chequers_ecumenical_altar_grove, uniq_ijyb, uniq_robin, uniq_grinder
D:4:      layout_basic, general_overflow_altar, fedhas_altar_3, uniq_duvessa
D:5:      layout_basic, minmay_temple_entry_poolview
D:6:      layout_rooms

Skill      XL: |  1  2  3  4  5  6  7 |
---------------+----------------------+-----
Fighting       | 4 5 6 7 |  7.7
Invocations    | 2 |  2.4
Long Blades    | 3 5 6 |  6.9
Armour         | 3 4 5 |  5.5
Dodging        | 2 |  2.9
Shields        | 1 2 |  2.5

Action                   |  1- 3 |  4- 6 |  7- 9 || total
-------------------------+-------+-------+-------++-------
Melee: Falchion          |    42 |   131 |   145 ||   318
       Headbutt          |     6 |    22 |    30 ||    58
Throw: Stone             |       |       |     2 ||     2
Invok: Depart the Abyss  |     1 |       |       ||     1
       Bend Space        |       |       |     2 ||     2
  Use: Scroll            |       |     4 |       ||     4
       Potion            |       |       |     6 ||     6
 Stab: Invisible         |       |       |     1 ||     1
Armor: Leather armour    |     6 |       |       ||     6
       Ring mail         |    20 |    45 |    29 ||    94
Dodge: Dodged            |    34 |    54 |    71 ||   159
Block: Other             |       |    23 |    41 ||    64
       Reflection        |       |       |     2 ||     2
       Rpst.: Falchion   |     9 |    13 |    23 ||    45

Table legend: (Time is in decaauts)
 A = Elapsed time spent in this place.
 B = Non-inter-level travel time spent in this place.
 C = Inter-level travel time spent in this place.
 D = Time resting spent in this place.
 E = Time spent auto-exploring this place.
 F = Levels seen in this place.
 G = Mean time per level.
                   A        B        C        D        E       F      G
               +--------+--------+--------+--------+--------+-----+--------+
         Total |   5837 |   5606 |    231 |   1064 |   3401 |   7 |  833.9 |
       Dungeon |   5479 |   5248 |    231 |   1064 |   3113 |   6 |  913.2 |
         Abyss |    358 |    358 |      0 |      0 |    288 |   1 |  358.0 |
               +--------+--------+--------+--------+--------+-----+--------+

Top non-repeatable levels by time:
     D:3: 1724 daAuts
     D:4: 1402 daAuts
     D:1: 930 daAuts
     D:2: 781 daAuts
     D:5: 574 daAuts
 Abyss:1: 358 daAuts
     D:6: 65 daAuts
